Map: Triton LE

Players

ViBE

  • Race: Terran Terran
  • League: Grandmaster
  • Spawn Location: 5:00

BewwyCwuncH - Winner!

  • Race: Terran Terran
  • League: Master
  • Spawn Location: 11:00

VOD

Have the link to the VOD?

Description

Time

  • Played on: Jan. 31, 2020, 1:10 a.m.
  • Length: 7:24
Show
View Real Time Build Order
Export as new Build Order

ViBE Terran 

Build Orders: Gas First Reaper Expand 

Get SALT Encoding   

  12  0:00  SCV  
  13  0:13  SCV  
  14  0:19  Supply Depot  
  14  0:25  SCV  
  15  0:30  Refinery  
  15  0:40  SCV  
  16  0:45  Barracks  
  16  0:52  SCV  
  17  1:05  SCV  
  18  1:17  SCV  
  19  1:32  Orbital Command  
  19  1:34  Reaper  
  20  1:45  Command Center  
  20  1:54  Factory  
  20  2:00  SCV  
  21  2:08  Supply Depot  
  21  2:10  Barracks Reactor  
  21  2:16  SCV  
  22  2:28  SCV  
  23  2:32  Refinery  
  23  2:41  Hellion  
  23  2:43  SCV  
  26  2:46  Marine  
  26  2:47  Marine  
  28  2:57  Starport  
  28  2:58  Orbital Command  
  28  3:03  Hellion  
  28  3:04  Marine  
  28  3:05  Marine  
  32  3:18  SCV  
  33  3:30  SCV  
  32  3:36  Marine x2  
  32  3:40  SCV  
  34  3:42  SCV  
  34  3:43  Starport Reactor  
  34  3:44  Factory Tech Lab  
  33  3:52  SCV  
  33  3:54  SCV  
  35  4:01  Marine x2  
  35  4:02  Command Center  
  37  4:06  Cyclone  
  40  4:11  SCV  
  40  4:12  SCV  
  42  4:21  Barracks  
  42  4:25  SCV, Barracks  
  42  4:26  SCV  
  44  4:41  Engineering Bay  
  44  4:44  SCV x2  
  46  4:47  Supply Depot, Starport Reactor  
  46  4:49  Supply Depot  
  46  4:54  Factory Tech Lab  
  46  4:56  SCV x2  
  46  4:59  Stimpack, Refinery  
  48  5:00  Marine, Refinery  
  49  5:08  SCV x2  
  49  5:09  Terran Infantry Weapons Level 1  
  51  5:15  Orbital Command  
  51  5:19  Siege Tank  
  51  5:20  SCV x2  
  56  5:26  Viking  
  58  5:29  Viking  
  58  5:32  SCV, Orbital Command  
  58  5:34  Marine x2  
  63  5:35  Marine  
  63  5:38  Marine  
  63  5:40  Marine  
  66  5:52  Marine x2  
  66  5:53  Marine, Siege Tank  
  71  6:05  Marine x2  
  71  6:10  Marine x2  
  62  6:21  Marine  
  62  6:23  Marine x2  
  56  6:26  Viking x2  
  56  6:28  Marine x2  
  56  6:31  Siege Tank  
  65  6:36  Command Center  
  65  6:38  Marine  
  66  6:44  Supply Depot x2  
  66  6:45  Supply Depot x2  
  62  7:05  Marine x4  
Show
View Real Time Build Order
Export as new Build Order

BewwyCwuncH Terran - Winner!

Build Orders:  

Get SALT Encoding   

  12  0:01  SCV  
  13  0:13  SCV  
  14  0:18  Supply Depot  
  14  0:25  SCV  
  15  0:30  Refinery  
  15  0:39  SCV  
  16  0:46  Barracks  
  16  0:51  SCV  
  16  0:56  Refinery  
  17  1:04  SCV  
  18  1:16  SCV  
  19  1:32  Reaper  
  20  1:34  Orbital Command  
  20  1:37  Factory  
  20  1:48  Supply Depot  
  20  2:00  SCV  
  21  2:04  Reaper  
  22  2:12  SCV  
  23  2:22  Hellion  
  25  2:27  Command Center  
  25  2:29  SCV  
  26  2:36  Reaper  
  27  2:42  Supply Depot  
  27  2:43  Hellion  
  29  2:50  Starport  
  29  2:53  SCV  
  31  3:05  SCV  
  31  3:09  Factory Tech Lab  
  30  3:15  Barracks Reactor  
  29  3:27  Cyclone  
  30  3:39  SCV  
  30  3:40  Viking  
  33  3:41  Orbital Command  
  33  3:44  Refinery  
  31  3:51  SCV  
  31  3:53  Marine x2  
  33  3:59  Siege Tank  
  36  4:04  SCV  
  36  4:06  SCV  
  38  4:13  Supply Depot  
  38  4:18  SCV  
  38  4:19  SCV  
  38  4:21  Supply Depot  
  40  4:27  Viking  
  40  4:30  Viking  
  44  4:31  SCV  
  44  4:32  SCV  
  46  4:41  Siege Tank  
  46  4:43  SCV  
  46  4:44  SCV  
  51  4:51  Marine  
  52  4:55  SCV  
  52  4:56  SCV  
  54  5:03  Command Center  
  54  5:08  SCV x2, Supply Depot  
  56  5:15  Viking x2  
  56  5:20  SCV x2  
  62  5:23  Siege Tank  
  65  5:32  SCV x2, Supply Depot  
  65  5:34  Barracks Tech Lab  
  65  5:35  Refinery  
  67  5:44  SCV x2  
  67  5:45  Viking x2  
  73  5:51  Supply Depot  
  73  5:56  SCV x2  
  75  5:58  Marine  
  76  6:07  Siege Tank  
  79  6:12  Barracks  
  79  6:13  Barracks  
  72  6:23  SCV  
  72  6:24  SCV  
  71  6:26  Orbital Command  
  71  6:28  Engineering Bay  
  71  6:33  Engineering Bay  
  71  6:35  Marine  
  71  6:37  SCV x2  
  71  6:39  Siege Tank  
  77  6:49  SCV  
  78  7:04  Barracks Reactor  
  78  7:05  Barracks Reactor  
  78  7:07  Barracks  
  78  7:08  Barracks  
  76  7:23  Armory  
Tags
 
Add a new tag
Caveats
  • Supply blocks, unpowered buildings, or Contaminate may cause inaccurate times.
  • Supply counts are checked every 10 seconds.